 Dungeon Crawl Stone Soup version 0.32-a0-931-g5a2cda0630 (webtiles) character file.

Game seed: 16185737916889947472

5163 Biggs the Nimble (level 10, 70/70 HPs)
             Began as a Djinni Conjurer on Apr 13, 2024.
             Quit the game on level 10 of the Dungeon.
             The game lasted 00:23:14 (5122 turns).

Biggs the Nimble (Djinni Conjurer)                  Turns: 5122, Time: 00:23:15

Health: 70/70      AC:  4    Str:  6    XL:     10   Next: 90%
Gold:   605        EV: 16    Int: 30    God:
                   SH:  0    Dex: 12

rFire   + + .        (no weapon)
rCold   x . .        (no shield)
rNeg    . . .        a - +0 robe
rPois   ∞            (no helmet)
rElec   .            m - +0 cloak
rCorr   .            A - +0 pair of gloves
SInv    .            (boots unavailable)
Will    +....        (no amulet)
Stlth   ++           j - +6 ring of intelligence
HPRegen 0.31/turn    (no ring)

%: no passive effects
@: flying
A: sickness immunity, fire resistance 2, cold vulnerability 1, float, innate
caster, HP casting, extra vitality 1
a: no special abilities


You were on level 10 of the Dungeon.
You visited 2 branches of the dungeon, and saw 11 of its levels.

You collected 605 gold pieces.

Inventory:

Hand Weapons
 b - a +0 spear
Armour
 a - a +0 robe (worn)
 m - a +0 cloak (worn)
 u - a +0 kite shield
 v - a +0 tower shield
 A - a +0 pair of gloves (worn)
Jewellery
 j - a +6 ring of intelligence (left hand)
 w - a ring of see invisible
Wands
 e - a wand of mindburst (14)
 h - a wand of charming (4)
 s - a wand of flame (26)
 y - a wand of digging (5)
Scrolls
 p - a scroll of enchant weapon
 r - 4 scrolls of identify
 t - a scroll of blinking {unknown}
 x - 2 scrolls of vulnerability {unknown}
 B - a scroll of immolation {unknown}
Potions
 c - 2 potions of haste {unknown}
 d - 4 potions of curing
 f - a potion of invisibility {unknown}
 g - a potion of mutation {unknown}
 i - a potion of cancellation {unknown}
 k - 2 potions of attraction {unknown}
 l - a potion of magic {unknown}
 n - a potion of lignification {unknown}
 o - a potion of might {unknown}
 q - a potion of degeneration {unknown}
 z - a potion of resistance {unknown}


   Skills:
 - Level 5.0 Fighting
 - Level 12.4 Dodging
 - Level 1.5 Stealth
 + Level 8.0 Spellcasting
 + Level 8.0 Conjurations
 + Level 8.0 Hexes
   Level 0.0 Charms
 + Level 8.0 Summonings
 + Level 8.0 Necromancy
 + Level 8.0 Translocations
   Level 0.0 Transmutations
 + Level 8.0 Fire Magic
 + Level 8.0 Ice Magic
 + Level 8.0 Air Magic
 + Level 8.0 Earth Magic
 + Level 8.0 Alchemy


You knew the following spells:

 Your Spells              Type           Power      Damage    Failure   Level
a - Magic Dart            Conj           100%       1d8       1%          1
b - Searing Ray           Conj           100%       2d8       1%          2
c - Fulminant Prism       Conj/Alch      28%        3d14      1%          4
d - Iskenderun's Mystic   Conj/Tloc      57%        2d12      (+2d61%     4
e - Apportation           Tloc           100%       N/A       1%          1
f - Call Imp              Summ           100%       N/A       1%          2
g - Volatile Blastmotes   Fire/Tloc      100%       2d18      1%          3
h - Flame Wave            Conj/Fire      57%        2d14      1%          4
Your spell library was empty.

Dungeon Overview and Level Annotations

Branches:
Dungeon (10/15)            Temple (1/1) D:6
   Lair: D:8-11         Orc: D:9-12

Altars:
Ashenzari
Cheibriados
Dithmenos
Elyvilon
Fedhas
Gozag
Hepliaklqana
Nemelex Xobeh
Okawaru
Qazlal
Ru
Trog
Uskayaw
Wu Jian
Xom
Yredelemnul
Zin

Shops:
D:7 [

Annotations:
D:9 exclusion: ice statue


Innate Abilities, Weirdness & Mutations

You are immune to sickness and miasma.
You are immune to poison.
Your flesh is very heat resistant. (rF++)
You are vulnerable to cold. (rC-)
You float through the air rather than walking.
You learn spells naturally, not from books.
Your magical power is your life essence.
You have superior vitality. (+4 MHP)


Message History

You now have 562 gold pieces (gained 9).
You now have 572 gold pieces (gained 10).
You now have 579 gold pieces (gained 7).
You now have 592 gold pieces (gained 13).
Found a pair of gloves.
You see here a +0 pair of gloves.
A - a +0 pair of gloves You start putting on your armour.
You continue putting on your +0 pair of gloves. x4
You finish putting on your +0 pair of gloves.
Found a scroll labelled ZOHYEH WAWIS.
B - a scroll labelled ZOHYEH WAWIS
Found a stone staircase leading down.
There is a stone staircase leading down here.
Found 13 gold pieces.
A centaur comes into view.
You now have 605 gold pieces (gained 13).
r - 4 scrolls of identify (gained 1)
The centaur shouts!
Casting: Iskenderun's Mystic Blast (dangerous; 1% risk of failure)
Confirm with . or Enter, or press ? or * to list all spells.
You erupt in a blast of force!
The mystic blast hits the centaur!
The centaur is moderately wounded.
The centaur is knocked back by the mystic blast.
The centaur slams into the rock wall!
The centaur is severely wounded.
The centaur misses you. The centaur kicks you.
Casting: Iskenderun's Mystic Blast (dangerous; 1% risk of failure)
Confirm with . or Enter, or press ? or * to list all spells.
You erupt in a blast of force!
The mystic blast hits the centaur!
You kill the centaur!
Unknown command.
Casting: Iskenderun's Mystic Blast (dangerous; 1% risk of failure)
Confirm with . or Enter, or press ? or * to list all spells.
You can't see any susceptible monsters within range! (Use Z to cast anyway.) Unknown command.
You see here a +0 orcbow.
Unknown command.
Found a stone staircase leading down.
Are you sure you want to abandon this character and quit the game? (Confirm with "yes".)

### #.# #.# #@#
#.# #.# #.##### #
#.....############
#####.............
############## # #


There were no monsters in sight!

Vanquished Creatures
  A two-headed ogre (D:10)
  Pikel (D:7)
  A cyclops (D:10)
  A wyvern (D:9)
  A steam dragon (D:9)
  A swamp worm (D:8)
  2 water moccasins
  2 sky beasts
  An ice beast (D:5)
  5 orc warriors
  2 ogres (D:5)
  2 phantoms (D:5)
  4 centaurs
  A bullfrog (D:7)
  A kobold brigand (D:9)
  2 scorpions
  5 wights (D:6)
  A killer bee (D:5)
  2 howler monkeys (D:5)
  2 jellies
  3 bombardier beetles
  4 hounds
  9 orc priests
  2 gnoll boudas
  2 iguanas
  2 sleepcaps
  6 orc wizards
  9 gnolls
  6 adders
  A shadow imp (D:5)
  A white imp (D:5)
  An ufetubus (D:5)
  5 dart slugs
  41 orcs
  8 ball pythons
  4 endoplasms
  4 giant cockroaches
  10 hobgoblins
  3 jackals (D:5)
  5 quokkas
  5 bats
  2 frilled lizards
  14 goblins
  8 kobolds
  3 rats
196 creatures vanquished.

Vanquished Creatures (others)
  3 fulminant prisms
3 creatures vanquished.

Grand Total: 199 creatures vanquished

Notes
Turn   | Place    | Note
-------+----------+-------------------------------------------
     0 | D:1      | Biggs the Djinni Conjurer began the quest for the Orb.
     0 | D:1      | Biggs set off with the following spells memorised: Magic
                  | Dart, Searing Ray, Fulminant Prism, Iskenderun's Mystic
                  | Blast.
     0 | D:1      | Reached XP level 1. HP: 15/15 MP: 0/0
    54 | D:1      | Found a faded altar of an unknown god.
   104 | D:1      | Reached XP level 2. HP: 20/21 MP: 0/0
   309 | D:2      | Reached XP level 3. HP: 21/25 MP: 0/0
   309 | D:2      | Learned a level 1 spell: Apportation
   662 | D:3      | Reached XP level 4. HP: 28/31 MP: 0/0
  1095 | D:4      | Noticed a water moccasin
  1099 | D:4      | Killed a water moccasin
  1100 | D:4      | Reached skill level 5 in Spellcasting
  1100 | D:4      | Reached skill level 5 in Conjurations
  1100 | D:4      | Reached skill level 5 in Hexes
  1100 | D:4      | Reached skill level 5 in Summonings
  1100 | D:4      | Reached skill level 5 in Necromancy
  1100 | D:4      | Reached skill level 5 in Translocations
  1100 | D:4      | Reached skill level 5 in Fire Magic
  1100 | D:4      | Reached skill level 5 in Ice Magic
  1100 | D:4      | Reached skill level 5 in Air Magic
  1100 | D:4      | Reached skill level 5 in Earth Magic
  1100 | D:4      | Reached skill level 5 in Alchemy
  1100 | D:4      | Reached XP level 5. HP: 22/35 MP: 0/0
  1100 | D:4      | Learned a level 2 spell: Call Imp
  1100 | D:4      | Reached XP level 6. HP: 25/40 MP: 0/0
  1272 | D:4      | Found a shimmering altar of Xom.
  1457 | D:5      | Entered Level 5 of the Dungeon
  1470 | D:5      | Reached XP level 7. HP: 30/45 MP: 0/0
  1470 | D:5      | Learned a level 3 spell: Volatile Blastmotes
  1770 | D:5      | Reached XP level 8. HP: 41/50 MP: 0/0
  1889 | D:5      | Reached skill level 1 in Fighting
  2280 | D:5      | Found a hide-covered altar of Uskayaw.
  2400 | D:5      | Reached skill level 5 in Fighting
  2400 | D:5      | Reached XP level 9. HP: 48/65 MP: 0/0
  2400 | D:5      | Learned a level 4 spell: Flame Wave
  2428 | D:5      | Reached skill level 3 in Dodging
  2644 | D:6      | Found a staircase to the Ecumenical Temple.
  2653 | Temple   | Entered the Ecumenical Temple
  2763 | D:6      | Reached skill level 4 in Dodging
  2765 | D:6      | Reached skill level 5 in Dodging
  2767 | D:6      | Reached skill level 6 in Dodging
  3060 | D:7      | Found a sparkling altar of Nemelex Xobeh.
  3170 | D:7      | Found a glowing silver altar of Zin.
  3180 | D:7      | Reached skill level 7 in Dodging
  3243 | D:7      | Noticed Pikel
  3251 | D:7      | Killed Pikel
  3252 | D:7      | Reached skill level 8 in Dodging
  3286 | D:7      | Found Josauf's Antique Armour Shop.
  3492 | D:7      | Reached XP level 10. HP: 56/70 MP: 0/0
  3571 | D:8      | Reached skill level 9 in Dodging
  3876 | D:8      | Found the +3 pair of mountain boots {steadfast, rC+}
  4266 | D:9      | Reached skill level 10 in Dodging
  4497 | D:9      | Found an iron altar of Okawaru.
  4651 | D:9      | Reached skill level 11 in Dodging
  4665 | D:9      | Noticed an ice devil
  4666 | D:9      | Noticed an ice devil
  4666 | D:9      | Noticed an ice statue
  4670 | D:9      | Noticed an ice devil
  4941 | D:10     | Entered Level 10 of the Dungeon
  4997 | D:10     | Noticed a two-headed ogre
  4998 | D:10     | Noticed a cyclops
  4999 | D:10     | Found a broken altar of Ashenzari.
  5003 | D:10     | Killed a two-headed ogre
  5004 | D:10     | Reached skill level 12 in Dodging
  5005 | D:10     | Found an ornate altar of the Wu Jian Council.
  5007 | D:10     | Killed a cyclops
  5122 | D:10     | Quit the game

Illustrated notes

Levels and vault maps discovered:
D:1:      enne_arrival_octagon_isle, layout_basic,
          shapermc_ecumenical_altar_acropolis
D:2:      layout_loops_ring, mrwooster_statue_mirror
D:3:      layout_loops_ring, grunt_decor_one_mirror
D:4:      layout_basic, overflow_temple_1_default, uniq_grinder
D:5:      minmay_bubble_buster, layout_loops_ring,
          eat_drink_and_be_merry_uskayaw
D:6:      layout_basic, mainiacjoe_overflow_surrounded_room,
          minmay_temple_entry_ruins
D:7:      layout_gridville, mainiacjoe_overflow_tiny_flanked,
          mainiacjoe_overflow_small_starburst, serial_shops, shop,
          serial_bayou_pond_c, uniq_pikel
D:8:      layout_gridville, worms_lemuel
D:9:      cheibrodos_frozen_isle, layout_stronghold,
          kennysheep_okawaru_gauntlet, vehumet_statue, minmay_misc_feat_alley,
          minmay_gold_behind_fungi, hangedman_decor_peaks_small,
          grunt_ministairs_15, nicolae_shop_gadgets
D:10:     layout_loops_ring, nicolae_tso_carved_into_rock, jmf_multi_god_temple,
          lair_entry_dummy
Temple:   hellmonk_temple_flake

Skill      XL: |  1  2  3  4  5  6  7  8  9 10 |
---------------+-------------------------------+-----
Spellcasting   | 4 5 6 7 8 |  8.0
Conjurations   | 4 5 6 7 8 |  8.0
Hexes          | 4 5 6 7 8 |  8.0
Summonings     | 4 5 6 7 8 |  8.0
Necromancy     | 4 5 6 7 8 |  8.0
Translocations | 4 5 6 7 8 |  8.0
Fire Magic     | 4 5 6 7 8 |  8.0
Ice Magic      | 4 5 6 7 8 |  8.0
Air Magic      | 4 5 6 7 8 |  8.0
Earth Magic    | 4 5 6 7 8 |  8.0
Alchemy        | 4 5 6 7 8 |  8.0
Fighting       | 5 |  5.0
Dodging        | 8 12 | 12.4
Stealth        | |  1.5

Action                     |  1- 3 |  4- 6 |  7- 9 | 10-12 || total
---------------------------+-------+-------+-------+-------++-------
  Melee: Unarmed           |     1 |       |       |     8 ||     9
   Cast: Magic Dart        |    67 |    20 |    10 |       ||    97
         Searing Ray       |     8 |    25 |    40 |       ||    73
         Iskenderun's Myst |       |     1 |    39 |    55 ||    95
         Fulminant Prism   |       |     1 |     2 |       ||     3
    Use: Scroll            |       |     3 |     4 |       ||     7
         Potion            |       |       |     1 |     1 ||     2
 Armour: Robe              |     7 |     6 |    23 |    15 ||    51
  Dodge: Dodged            |     8 |     6 |    28 |    21 ||    63

Table legend: (Time is in decaauts)
 A = Elapsed time spent in this place.
 B = Non-inter-level travel time spent in this place.
 C = Inter-level travel time spent in this place.
 D = Time resting spent in this place.
 E = Time spent auto-exploring this place.
 F = Levels seen in this place.
 G = Mean time per level.
                   A        B        C        D        E       F      G
               +--------+--------+--------+--------+--------+-----+--------+
         Total |   5119 |   5025 |     94 |   1662 |      0 |  11 |  465.4 |
       Dungeon |   5117 |   5023 |     94 |   1662 |      0 |  10 |  511.7 |
        Temple |      1 |      1 |      0 |      0 |      0 |   1 |    1.0 |
               +--------+--------+--------+--------+--------+-----+--------+

Top non-repeatable levels by time:
     D:5: 1156 daAuts
     D:9: 696 daAuts
     D:8: 694 daAuts
     D:4: 560 daAuts
     D:7: 531 daAuts
     D:6: 401 daAuts
     D:2: 342 daAuts
     D:1: 295 daAuts
     D:3: 257 daAuts
    D:10: 180 daAuts
  Temple: 1 daAuts
